 Dungeon Crawl Stone Soup version 0.18.1-50-g88ac8fd (webtiles) character file.

1732 magog001 the Archer (level 8, -1/67 HPs)
             Began as a Centaur Hunter on Mar 28, 2017.
             Was a Believer of Nemelex Xobeh.
             Slain by an orc warrior
             ... wielding a +4 halberd
              (19 damage)
             ... on level 7 of the Dungeon.
             The game lasted 00:50:37 (6535 turns).

magog001 the Archer (Centaur Hunter)                Turns: 6535, Time: 00:50:39

Health: -1/67      AC: 16    Str: 17    XL:     8   Next: 76%
Magic:  8/8        EV:  9    Int: 10    God:    Nemelex Xobeh [**....]
Gold:   466        SH:  0    Dex:  9    Spells: 0 memorised, 7 levels left

rFire  . . .     SeeInvis .     A - +3 short sword
rCold  . . .     Gourm    .     o - +3 ring mail
rNeg   . . .     Faith    .     (no shield)
rPois  .         Spirit   .     l - +2 helmet
rElec  .         Dismiss  .     (no cloak)
rCorr  .         Reflect  .     (no gloves)
SustAt .         Harm     .     (no barding)
MR     .....     Rnd*Tele +     (no amulet)
Stlth  ++........               h - ring of teleportation (curse)
                                y - ring of stealth

@: very quick, not resistant to hostile enchantments, unstealthy
A: hooves 3, rough black scales 1, camouflage 1, deformed body, speed 2, tough
skin 3
a: Renounce Religion


You were on level 7 of the Dungeon.
You worshipped Nemelex Xobeh.
Nemelex Xobeh was pleased with you.
You were not hungry.

You visited 1 branch of the dungeon, and saw 8 of its levels.

You collected 466 gold pieces.

Inventory:

Hand Weapons
 k - a +0 blowgun
 u - a +1 longbow of flaming
 A - a +3 short sword (weapon)
 D - a +2 hunting sling of evasion
Missiles
 d - 50 arrows
 j - 6 needles of frenzy
 q - 30 poisoned needles
 C - 16 sling bullets
Armour
 l - a +2 helmet (worn)
 o - a +3 ring mail (worn)
Jewellery
 h - a cursed ring of teleportation (right hand)
 y - a ring of stealth (left hand)
Wands
 a - a wand of random effects (27/48)
 c - a wand of confusion (26/48)
 E - a wand of random effects (22/48)
Scrolls
 i - 4 scrolls of identify
 n - 2 scrolls of teleportation
 w - 7 scrolls of remove curse
Potions
 p - a potion of lignification {unknown}
Books
 m - a book of Battle

   Spells                             Type                      Level
   a - Infusion                       Charms                       1
   b - Shroud of Golubria             Charms/Translocation         2
   c - Song of Slaying                Charms                       2
   d - Spectral Weapon                Hexes/Charms                 3
   e - Regeneration                   Charms/Necromancy            3
 F - a Grand Grimoire

   Spells                             Type                      Level
   a - Monstrous Menagerie            Summoning                    7
   b - Summon Greater Demon           Summoning                    7
   c - Malign Gateway                 Summoning/Translocation      7
   d - Summon Horrible Things         Summoning                    8
Miscellaneous
 b - a plain deck of destruction {drawn: 3}
 r - a plain deck of destruction
 B - an ornate deck of destruction
Comestibles
 f - 3 bread rations
 s - a fruit
 t - 4 chunks of flesh
 v - a meat ration


   Skills:
 * Level 4.5 Fighting
 + Level 1.4 Short Blades
 * Level 11.7 Bows
 + Level 2.6 Armour
 * Level 3.3 Dodging
 + Level 1.5 Stealth
 + Level 0.6 Evocations


You had 7 spell levels left.
You didn't know any spells.

Dungeon Overview and Level Annotations

Branches:
Dungeon (8/15)             Temple (0/1) D:4            Lair (0/8) D:8

Altars:
Dithmenos
Fedhas
Kikubaaqudgha
Makhleb
Nemelex Xobeh
Ru
Sif Muna
Trog
Vehumet
Xom

Shops:
D:7 (


Innate Abilities, Weirdness & Mutations

You have hooves in place of feet.
Armour fits poorly on your strangely shaped body.
You cover ground very quickly.
You have extremely tough skin (AC +3).
You are partially covered in rough black scales (AC +4, Dex -1).
Your skin changes colour to match your surroundings (Stealth).


Message History

The orc warrior hits you with an enchanted halberd.
* * * LOW HITPOINT WARNING * * *
The orc wizard hits you but does no damage.
You hit the orc wizard.
The orc wizard is almost dead.
The orc warrior hits you but does no damage.
The orc wizard hits you with a dagger.
* * * LOW HITPOINT WARNING * * *
You barely miss the orc wizard. Your kick misses the orc wizard.
The orc wizard is almost dead.
The orc wizard hits you but does no damage.
The orc warrior closely misses you.
You hit the orc wizard but do no damage.
Your kick misses the orc wizard.
The orc wizard is almost dead.
The orc wizard points at you and mumbles some strange words.
The puff of flame misses you.
The puff of flame hits the orc warrior.
The orc warrior hits you with an enchanted halberd!!
You die...
Your body glows slightly and disappears.

,,,,,,,,,*** *,**,,,,....#...
*,,,,,*,,* *,**,,.....#..##
**,,,**..* *,,*.**....#....
***,**..##* ***,,,.##.....###
*,**,...#* *,,,,,,.....#.###
*,***,#..* *,,,,,.##(.#.....
*,* *,*#.#* *,,,,..*#........
*,***,*#..#######.####.#......
*,**,,**#.ooo@oc..............
*,*#.####.[#####...###.#......
*,,........<#**#....##.##.####
***..######.#*,.....##.#..#
***,** #.#*,......#.#..# *,,,*
#o#*,,..#....#..#### *,***
#oo,,,..#.#.....#... *,*
#.o.,..........##.##
*,********#.......#...........


You could see an orc warrior, a centaur, an orc wizard and 2 orcs.

Vanquished Creatures
  Joseph (D:7)
  Prince Ribbit (D:7)
  A sky beast (D:5)
  An ice beast (D:5)
  A wasp (D:6)
  A phantom (D:7)
  A centaur (D:5)
  A giant frog (D:6)
  A water moccasin skeleton (D:5)
  A scorpion (D:8)
  A crimson imp (D:6)
  A jelly (D:6)
  2 hounds (D:7)
  An orc wizard (D:7)
  A giant frog zombie (D:7)
  2 orc priests (D:4)
  A centaur skeleton (D:5)
  An iguana (D:4)
  4 worker ants
  A worker ant zombie (D:5)
  5 adders
  3 gnolls
  3 shadow imps
  2 oozes
  3 worms
  A dart slug (D:1)
  4 giant geckos
  6 orcs
  4 bats
  6 giant cockroaches
  8 goblins
  4 hobgoblins (D:1)
  2 jackals (D:1)
  5 quokkas
  A ball python (D:2)
  A giant gecko skeleton (D:4)
  5 giant newts
  7 kobolds
  A quokka skeleton (D:4)
  4 rats
100 creatures vanquished.

Vanquished Creatures (collateral kills)
  An orc wizard (D:4)
  3 orcs (D:4)
4 creatures vanquished.

Grand Total: 104 creatures vanquished

Notes
Turn   | Place    | Note
--------------------------------------------------------------
     0 | D:1      | magog001 the Centaur Hunter began the quest for the Orb.
     0 | D:1      | Reached XP level 1. HP: 17/17 MP: 1/1
   337 | D:1      | Reached XP level 2. HP: 19/24 MP: 2/2
   527 | D:1      | Reached skill level 6 in Bows
  1210 | D:2      | Reached XP level 3. HP: 29/29 MP: 3/3
  1761 | D:2      | Reached XP level 4. HP: 36/36 MP: 4/4
  2005 | D:2      | Reached skill level 7 in Bows
  2008 | D:2      | Found a blossoming altar of Fedhas.
  2155 | D:3      | Found a faded altar to an unknown god.
  2218 | D:3      | Found a shimmering altar of Xom.
  2388 | D:3      | Found a glowing drain.
  2596 | D:3      | Found a deep blue altar of Sif Muna.
  2984 | D:4      | Found a staircase to the Ecumenical Temple.
  3044 | D:4      | Reached XP level 5. HP: 29/42 MP: 5/5
  3212 | D:4      | Reached skill level 1 in Armour
  3301 | D:4      | Found a sparkling altar of Nemelex Xobeh.
  3318 | D:4      | Became a worshipper of Nemelex Xobeh the Trickster
  3522 | D:4      | Received a gift from Nemelex Xobeh
  3558 | D:4      | Reached skill level 8 in Bows
  3581 | D:4      | Reached XP level 6. HP: 50/50 MP: 6/6
  3886 | D:4      | Gained mutation: Your skin changes colour to match your surroundings (Stealth). [potion of mutation]
  3886 | D:4      | Gained mutation: You are partially covered in rough black scales (AC +4, Dex -1). [potion of mutation]
  3892 | D:5      | Entered Level 5 of the Dungeon
  3960 | D:5      | Found a sacrificial altar of Ru.
  4074 | D:5      | Noticed a sky beast
  4087 | D:5      | Killed a sky beast
  4200 | D:5      | Found a radiant altar of Vehumet.
  4448 | D:5      | Received a gift from Nemelex Xobeh
  4560 | D:5      | Reached XP level 7. HP: 42/57 MP: 7/7
  4721 | D:5      | Found an ancient bone altar of Kikubaaqudgha.
  4722 | D:5      | Found a shadowy altar of Dithmenos.
  4723 | D:5      | Found a bloodstained altar of Trog.
  4759 | D:5      | Reached skill level 9 in Bows
  5139 | D:6      | Reached * piety under Nemelex Xobeh
  5187 | D:6      | Reached skill level 1 in Stealth
  5589 | D:6      | Reached skill level 1 in Short Blades
  5589 | D:6      | Reached skill level 10 in Bows
  5879 | D:7      | Received a gift from Nemelex Xobeh
  5879 | D:7      | Found Qestuijo's Weapon Shop.
  5949 | D:7      | Noticed Prince Ribbit
  6022 | D:7      | Noticed Joseph
  6035 | D:7      | Killed Joseph
  6035 | D:7      | Reached XP level 8. HP: 23/66 MP: 8/8
  6039 | D:7      | Reached skill level 11 in Bows
  6124 | D:7      | Killed Prince Ribbit
  6386 | D:7      | Reached ** piety under Nemelex Xobeh
  6403 | D:7      | You fall through a shaft!
  6435 | D:8      | Found a staircase to the Lair.
  6467 | D:8      | Found a burning altar of Makhleb.
  6535 | D:7      | Slain by an orc warrior

Skill      XL: |  1  2  3  4  5  6  7  8 |
---------------+-------------------------+-----
Bows           | 6 7 8 10 11 | 11.7
Armour         | 1 2 |  2.6
Dodging        | 2 3 |  3.3
Fighting       | 3 4 |  4.5
Stealth        | 1 |  1.5
Short Blades   | 1 |  1.4
Evocations     | |  0.6

Action                   |  1- 3 |  4- 6 |  7- 9 || total
-------------------------+-------+-------+-------++-------
Melee: Short sword       |    10 |    93 |    89 ||   192
       Kick              |       |    17 |    15 ||    32
 Fire: Shortbow          |   121 |    85 |     8 ||   214
       Longbow           |       |       |    66 ||    66
Evoke: Wand              |       |     3 |       ||     3
       Deck              |       |     2 |     1 ||     3
  Use: Scroll            |       |     9 |     4 ||    13
       Potion            |       |     7 |     4 ||    11
 Stab: Sleeping          |       |       |     3 ||     3
  Eat: Chunk             |     1 |     6 |     4 ||    11
       Beef jerky        |       |     1 |       ||     1
       Fruit             |       |       |     1 ||     1
Armor: Leather armour    |    27 |    15 |       ||    42
       Ring mail         |       |    41 |    43 ||    84
Dodge: Dodged            |    17 |    46 |    48 ||   111
